 Dungeon Crawl Stone Soup version 0.16.1-51-g6203257 (webtiles) character file.

107 teebee the Skirmisher (level 4, -2/42 HPs)
             Began as a Hill Orc Fighter on Aug 11, 2015.
             Slain by an orc
             ... wielding a +0 trident
              (3 damage)
             ... on level 4 of the Dungeon.
             The game lasted 00:06:39 (2409 turns).

teebee the Skirmisher (Hill Orc Fighter)            Turns: 2409, Time: 00:06:39

Health: -2/42      AC:  6    Str: 19    XL:     4   Next: 86%
Magic:  4/4        EV:  9    Int:  8    God:
Gold:   146        SH:  0    Dex: 10    Spells: 0 memorised, 3 levels left

rFire  . . .     SeeInvis .     a - +0 long sword
rCold  . . .     Clarity  .     b - +0 scale mail
rNeg   . . .     SustAb   .     (no shield)
rPois  .         Gourm    .     (no helmet)
rElec  .         Spirit   .     (no cloak)
rCorr  .         Warding  .     (no gloves)
rMut   .         Stasis   .     (no boots)
MR     .....                    (no amulet)
Stlth  ..........               (no ring)
                                (no ring)

@: not resistant to hostile enchantments, extremely unstealthy
A: no striking features
a: no special abilities


You were on level 4 of the Dungeon.
You were not hungry.

You visited 1 branch of the dungeon, and saw 4 of its levels.

You collected 146 gold pieces.

Inventory:

Hand weapons
 a - a +0 long sword (weapon)
 j - a +0 short sword of freezing
Missiles
 n - 22 arrows
Armour
 b - a +0 scale mail (worn)
 c - a +0 shield
 v - a +0 pair of boots
Jewellery
 m - an uncursed ring of protection from cold {unknown}
Scrolls
 e - a scroll of recharging {unknown}
 f - 7 scrolls of identify {unknown}
 h - 2 scrolls of fear {unknown}
 l - a scroll of remove curse {unknown}
 t - a scroll of enchant weapon {unknown}
 u - a scroll of magic mapping {unknown}
Potions
 i - a potion of flight {unknown}
 o - a potion of resistance {unknown}
 p - 2 potions of restore abilities
 r - a potion of degeneration {unknown}
 w - a potion of agility {unknown}
 x - a potion of beneficial mutation {unknown}
 z - a potion of curing {unknown}
Comestibles
 d - a meat ration
 g - a chunk of flesh
 k - a slice of pizza
 q - 3 fruits
 s - 2 royal jellies


   Skills:
 * Level 5.2 Fighting
 * Level 3.7 Long Blades
 - Level 3.2 Armour
 + Level 0.7 Dodging
 - Level 3.2 Shields


You had 3 spell levels left.
You didn't know any spells.

Dungeon Overview and Level Annotations

Branches:
Dungeon (4/15)
 Temple: D:4-7

Altars:
Elyvilon
Fedhas
Trog


Message History

The orc hits you but does no damage.
Drink which item? (? for menu, Esc to quit)
It was a potion of restore abilities.
You feel refreshed.
The orc hits you from afar with a trident.
* * * LOW HITPOINT WARNING * * *
Drink which item? (? for menu, Esc to quit)
Okay, then.
Items here: ))) [ † a whip; a hand axe; a scale mail; a dagger; an orc corpse You closely miss the orc.
The orc barely misses you.
You hit the orc.
The orc is heavily wounded.
The orc closely misses you. The orc barely misses you.
You closely miss the orc.
The orc is heavily wounded.
The orc barely misses you.
You hit the orc.
The orc is almost dead.
The orc hits you with a trident.
You die...

.####.... ....
.....#...
.........## #.....
...#...#
..........###......
.......##
.........$##....#
##........
....=o.......#
#.........
......o.##..##
#.<....[..
.......####.###
##......... .....#
#..o###
##.....#.... ...#
#...@.####....###
... ..
##.##....#....## .
#.#####.......###.
#.# ###.........
#.# #.......... #.#
########## ###


You could see an orc.

Vanquished Creatures
  3 adders
  5 worms
  3 giant geckos
  3 orcs
  5 hobgoblins
  3 ball pythons
  5 bats
  3 giant cockroaches
  2 giant newts
  9 goblins
  6 kobolds
  8 rats
55 creatures vanquished.

Notes
Turn   | Place    | Note
--------------------------------------------------------------
     0 | D:1      | teebee, the Hill Orc Fighter, began the quest for the Orb.
     0 | D:1      | Reached XP level 1. HP: 19/19 MP: 1/1
   151 | D:1      | Reached skill level 4 in Fighting
   158 | D:1      | Reached XP level 2. HP: 27/27 MP: 2/2
   889 | D:2      | Reached XP level 3. HP: 23/34 MP: 3/3
  1234 | D:2      | Found a blossoming altar of Fedhas.
  1402 | D:2      | Noticed a moth of wrath
  1403 | D:2      | Found a bloodstained altar of Trog.
  1439 | D:2      | Reached XP level 4. HP: 7/41 MP: 4/4
  1553 | D:2      | Reached skill level 5 in Fighting
  1796 | D:3      | Found a white marble altar of Elyvilon.
  2404 | D:4      | HP: 1/42 [orc/trident (6)]
  2409 | D:4      | Slain by an orc

Action                   |  1- 3 |  4- 6 || total
-------------------------+-------+-------++-------
Melee: Long sword        |   150 |    68 ||   218
  Use: Potion            |       |     2 ||     2
  Eat: Chunk             |     1 |     4 ||     5
